 Dungeon Crawl Stone Soup version 0.29.1-12-g30fa7ad0bf (webtiles) character file.

Game seed: 8940359297155964972

36 112233 the Trooper (level 3, 0/26 HPs)
             Began as an Octopode Fighter on Dec 22, 2022.
             Was an Initiate of Ashenzari.
             Slain by a gnoll
             ... wielding a +0 club
              (6 damage)
             ... on level 3 of the Dungeon.
             The game lasted 00:00:49 (798 turns).

112233 the Trooper (Octopode Fighter)                Turns: 798, Time: 00:00:49

Health: 0/26       AC:  1    Str: 15    XL:     3   Next: 37%
Magic:  3/3        EV: 13    Int: 10    God:    Ashenzari [......]
Gold:   15         SH:  4    Dex: 13    Spells: 2/2 levels left

rFire   . . .      SeeInvis .   a - +0 trident
rCold   . . .      Faith    .   b - +0 buckler "Omniscient Oracle" {Melee, Range} (curse)
rNeg    . . .      Spirit   .   (helmet restricted)
rPois   .          Reflect  .   (no amulet)
rElec   .          Harm     .   (no ring)
rCorr   .          Rampage  .   (no ring)
Will    .....                   (no ring)
Stlth   ++........              (no ring)
HPRegen 0.08/turn               (no ring)
MPRegen 0.08/turn               (no ring)
                                (no ring)
                                (no ring)

@: no status effects
A: almost no armour, amphibious, 8 rings, camouflage 1, gelatinous body 1,
(nimble swimmer 1), tentacles
a: Renounce Religion, Curse Item, Shatter the Chains


You were on level 3 of the Dungeon.
You worshipped Ashenzari.
Ashenzari was noncommittal.
You visited 1 branch of the dungeon, and saw 3 of its levels.

You collected 43 gold pieces.
You spent 28 gold pieces at shops.

Inventory:

Hand Weapons
 a - a +0 trident (weapon)
Armour
 b - the cursed +0 buckler "Omniscient Oracle" (worn) {Melee, Range}

   It has a curse which improves the following skills: Melee Combat: Short
   Blades, Long Blades, Axes, Maces & Flails, Polearms, Staves and Unarmed
   Combat.
   Ranged Combat: Ranged Weapons and Throwing.
Scrolls
 d - a scroll of fog {unknown}
 e - 2 scrolls of blinking
 g - a scroll of brand weapon
 h - a scroll of torment
Potions
 c - a potion of might
 f - a potion of curing {unknown}


   Skills:
 + Level 3.3 Fighting
 + Level 2.5(2.9) Polearms
 + Level 3.3 Dodging
 + Level 3.3 Shields


You had 2 spell levels left.
You didn't know any spells.
Your spell library was empty.

Dungeon Overview and Level Annotations

Branches:
Dungeon (3/15)

Altars:
Ashenzari

Shops:
D:2 ?   D:3 (


Innate Abilities, Weirdness & Mutations

You cannot wear most types of armour.
You are amphibious.
You can wear up to eight rings at the same time.
Your skin changes colour to match your surroundings (Stealth+).
Your rubbery body absorbs attacks. (AC +1, EV +1)
((You are camouflaged when in or above water. (Stealth+)))
You have tentacles for arms and can constrict up to eight enemies at once.


Message History

Found a dagger.
The bat hits you.
Found a scroll labelled EMOEC LUNU.
You hit the gnoll but do no damage. You grab the gnoll.
You constrict the gnoll. The bat closely misses you.
The bat hits you but does no damage. You block the gnoll's attack.
You hit the gnoll.
The gnoll is moderately wounded.
You constrict the gnoll. You block the bat's attack.
The gnoll hits you with a +0 whip!
You puncture the gnoll!
The gnoll is almost dead.
You constrict the gnoll.
You kill the gnoll!
The bat closely misses you.
You have reached level 3!
Your experience leads to an increase in your attributes!
Increase (S)trength, (I)ntelligence, or (D)exterity?
You feel agile. x2
Unknown command.
Okay, then.
Unknown command.
You hit the frilled lizard.
You kill the frilled lizard!
The bat closely misses you.
Unknown command.
You completely miss the orc. You grab the orc. You constrict the orc.
You block the bat's attack. The orc hits you with a +0 dagger.
Unknown command.
You puncture the orc!
You kill the orc!
The bat hits you but does no damage. The bat barely misses you.
Unknown command.
You hit the gnoll but do no damage. Your grab misses the gnoll.
You squeeze the gnoll, but do no damage.
The bat hits you. The gnoll hits you with a +0 club.
* * * LOW HITPOINT WARNING * * *
Unknown command.
You closely miss the gnoll. Your grab misses the gnoll.
The bat barely misses you. The gnoll hits you with a +0 club.
You die...

.##.# # # #.
.##.#.## ..##..
........ ....
### ..>...<.
..##..#####....
.#######
...............
..######
#........o.
........
#..#.###....
...##### ## #g#
. .#.# #@# .#.#
#......# ....
#.#b##?# .....
#.#.# # ...∩##
# ... .#.## )..
.#.# ... .#..
.....


You could see a gnoll and a bat.

Vanquished Creatures
  A gnoll (D:3)
  A worm (D:3)
  A dart slug (D:1)
  An orc (D:3)
  2 bats
  2 endoplasms (D:1)
  A goblin (D:1)
  A hobgoblin (D:1)
  6 kobolds
  A quokka (D:1)
  A frilled lizard (D:3)
  A rat (D:1)
19 creatures vanquished.

Notes
Turn   | Place    | Note
-------+----------+-------------------------------------------
     0 | D:1      | 112233 the Octopode Fighter began the quest for the Orb.
     0 | D:1      | Reached XP level 1. HP: 16/16 MP: 1/1
    54 | D:1      | Found a faded altar of an unknown god.
    67 | D:1      | Prayed at the altar of an unknown god.
    67 | D:1      | Became a worshipper of Ashenzari the Shackled
   123 | D:1      | Reached XP level 2. HP: 21/21 MP: 2/2
   736 | D:2      | Found Zeuferch's Magic Scroll Boutique.
   742 | D:2      | Bought a scroll of identify for 28 gold pieces
   782 | D:3      | Found Bovoufeu's Weapon Shoppe.
   794 | D:3      | Reached XP level 3. HP: 11/26 MP: 3/3
   798 | D:3      | Slain by a gnoll

Illustrated notes

Levels and vault maps discovered:
D:1:      saegor_arrival_miasma, layout_loops_cross,
          shapermc_ecumenical_altar_starsandcircs
D:2:      layout_loops_ring, serial_shops, shop_fountains
D:3:      layout_loops_ring, old_standard_altar, serial_shops, shop

Action                   || total
-------------------------++-------
Melee: Trident           ||    39
       Tentacles         ||     4
       Constrict         ||     7
       Punch             ||     1
Invok: Curse Item        ||     1
  Use: Scroll            ||     3
 Stab: Sleeping          ||     8
Armor: Skin              ||     4
Dodge: Dodged            ||     9
Block: Buckler           ||     9
